 Dungeon Crawl Stone Soup version 0.31-a0-1002-g8e65716e6e (webtiles) character file.

Game seed: 13497307168795086741

10285 Chiseanne the Covert (level 11, -18/82 HPs)
             Began as an Octopode Wanderer on Nov 9, 2023.
             Was an Initiate of Gozag.
             Demolished by Gastronok (34 damage)
             ... on level 12 of the Dungeon.
             The game lasted 00:31:40 (13470 turns).

Chiseanne the Covert (Octopode Wanderer)           Turns: 13470, Time: 00:31:41

Health: -18/82     AC:  1    Str: 18    XL:     11   Next: 59%
Magic:  12/12      EV: 21    Int: 12    God:    Gozag
Gold:   421        SH:  5    Dex: 22    Spells: 12/12 levels left

rFire   . . .        s - +6 scimitar
rCold   + . .        (no shield)
rNeg    . . .        r - +0 hat
rPois   .            b - amulet of reflection
rElec   .            j - ring of protection from fire
rCorr   .            p - +4 ring of slaying
SInv    +            f - ring of ice
Will    .....        B - ring "Bab Birph" {Str+4 SInv}
Stlth   +++++++      u - +6 ring of dexterity
HPRegen 0.33/turn    (no ring)
MPRegen 0.13/turn    (no ring)
                     (no ring)

%: reflection
@: slowed, very slow
A: almost no armour, amphibious, 8 rings, camouflage 1, gelatinous body 1,
(nimble swimmer 1), tentacles
a: Renounce Religion, Potion Petition, Call Merchant, Bribe Branch


You were on level 12 of the Dungeon.
You worshipped Gozag.
Gozag was aware of your devotion.
You visited 2 branches of the dungeon, and saw 13 of its levels.
You also visited: Bailey.

You collected 2128 gold pieces.
You spent 1001 gold pieces at shops.
You paid 706 gold pieces to Gozag.

Inventory:

Hand Weapons
 a - a +3 short sword of venom
 d - a +4 hand axe
 i - a +1 scimitar of flaming
 s - a +6 scimitar (weapon)
 w - a +1 sling of flaming
 G - a +3 trident of freezing
Missiles
 e - 121 stones
 n - 4 throwing nets
 z - 20 poisoned darts (quivered)
 F - a boomerang
Armour
 r - a +0 hat (worn)
Jewellery
 b - an amulet of reflection (around mantle)
 f - a ring of ice (on tentacle)
 j - a ring of protection from fire (left tentacle)
 p - a +4 ring of slaying (right tentacle)
 u - a +6 ring of dexterity (on tentacle)
 v - an amulet of the acrobat
 B - the ring "Bab Birph" (on tentacle) {Str+4 SInv}
   (You bought it in a shop on level 9 of the Dungeon)

   [ring of see invisible]

   Str+4:     It affects your strength (+4).
   SInv:      It lets you see invisible.
Talismans
 C - a dragon-blood talisman
Wands
 k - a wand of paralysis (6)
 x - a wand of quicksilver (2)
 A - a wand of iceblast (3)
 I - a wand of mindburst (3)
Scrolls
 c - a scroll of torment
 g - 3 scrolls of revelation
 h - 6 scrolls of teleportation
 l - 5 scrolls of fog
 t - a scroll of immolation
 y - a scroll of vulnerability
 H - a scroll of identify
 J - a scroll of amnesia
 K - a scroll of fear
Potions
 m - 6 potions of curing
 o - a potion of haste {unknown}
 q - a potion of cancellation
 D - a potion of lignification
 E - a potion of brilliance


   Skills:
 * Level 10.5 Fighting
 - Level 2.0 Short Blades
 - Level 4.0 Axes
 * Level 10.4 Dodging
 * Level 14.4 Stealth
 - Level 1.0 Spellcasting
 - Level 1.1 Evocations


You had 12 spell levels left.
You didn't know any spells.
Your spell library contained the following spells:

 Spells                   Type           Power      Damage    Failure   Level
 Kiss of Death            Conj/Necr      0%         2d5       30%         1
 Blink                    Tloc           0%         N/A       41%         2
 Lesser Beckoning         Tloc           0%         N/A       41%         2
 Momentum Strike          Conj/Tloc      0%         3d8       41%         2
 Confusing Touch          Hex            0%         N/A       65%         3
 Dazzling Flash           Conj/Hex       0%         N/A       65%         3
 Gell's Gravitas          Tloc           0%         N/A       65%         3
 Teleport Other           Tloc           0%         N/A       65%         3
 Volatile Blastmotes      Fire/Tloc      0%         2d10      65%         3
 Brom's Barrelling Bould  Conj/Erth      0%         2d3       96%         4
 Dispel Undead            Necr           0%         3d6       96%         4
 Manifold Assault         Tloc           0%         N/A       96%         4
 Summon Ice Beast         Ice/Summ       0%         N/A       96%         4
 Vhi's Electric Charge    Tloc/Air       0%         N/A       96%         4
 Arcjolt                  Conj/Air       0%         1d10      100%        5
 Borgnjor's Vile Clutch   Necr/Erth      0%         N/A       100%        5
 Fireball                 Conj/Fire      0%         3d3       100%        5
 Iskenderun's Battlesphe  Conj           0%         2d6       100%        5
 Summon Mana Viper        Hex/Summ       0%         N/A       100%        5
 Conjure Ball Lightning   Conj/Air       0%         3x3d6     100%        6
 Death Channel            Necr           0%         N/A       100%        6
 Plasma Beam              Fire/Air       0%         2x1d10    100%        6
 Starburst                Conj/Fire      0%         6d3       100%        6
 Monstrous Menagerie      Summ           0%         N/A       100%        7
 Orb of Destruction       Conj           0%         9d5       100%        7
 Maxwell's Capacitive Co  Air            0%         ∞         100%        8
 Animate Dead             Necr           Unusable   N/A       N/A         4

Dungeon Overview and Level Annotations

Branches:
Dungeon (12/15)            Temple (1/1) D:5            Lair (0/5) D:11
    Orc (0/2) D:10         Bailey (visited)

Altars:
Ashenzari
Cheibriados
Dithmenos
Elyvilon
Fedhas
Gozag
Hepliaklqana
Kikubaaqudgha
Makhleb
Nemelex Xobeh
Okawaru
Qazlal
Ru
Sif Muna
Trog
Uskayaw
Vehumet
Wu Jian
Xom
Yredelemnul
Zin
The Shining One

Shops:
D:9 !=   D:10 ?

Annotations:
D:2 Terence
D:4 exclusion: ogre, Edmund
D:8 1 runed translucent door, Mls's ghost, novice TrFi
D:12 Gastronok


Innate Abilities, Weirdness & Mutations

You cannot wear most types of armour.
You are amphibious.
You can wear up to eight rings at the same time.
Your skin changes colour to match your surroundings (Stealth+).
Your rubbery body absorbs attacks. (AC +1, EV +1)
((You are camouflaged when in or above water. (Stealth+)))
You have tentacles for arms and can constrict up to eight enemies at once.


Message History

Gastronok is lightly wounded.
Your +3 short sword of venom stops dripping with poison.
s - a +6 scimitar (weapon)
You slash Gastronok! Your squeeze misses Gastronok.
Gastronok is moderately wounded.
Gastronok looks at you and mumbles some strange words.
You feel yourself slow down.
You hit Gastronok. You squeeze Gastronok!
Gastronok is heavily wounded.
Gastronok closely misses you.
You slash Gastronok! You squeeze Gastronok.
Gastronok is heavily wounded.
Gastronok misses you.
You hit Gastronok but do no damage.
Gastronok is heavily wounded.
Gastronok makes a strange noise.
Gastronok bites you!
You slash Gastronok!
Gastronok is severely wounded.
Gastronok bites you!!
* * * LOW HITPOINT WARNING * * *
You slash Gastronok!
Gastronok is severely wounded.
Gastronok looks at you while chanting.
You feel as though you will be slow longer.
Aiming: Quicksilver Bolt
Press: ? - help, Shift-Dir - straight line, f - Gastronok
Aim: Gastronok, wearing a +2 hat (severely wounded, very poisoned, 100% to hit)
The bolt of dispelling energy hits Gastronok!!
Gastronok is almost dead.
Gastronok closely misses you.
Aiming: Quicksilver Bolt
Press: ? - help, Shift-Dir - straight line, f/p - Gastronok
Aim: Gastronok, wearing a +2 hat (almost dead, very poisoned, 100% to hit)
The bolt of dispelling energy hits Gastronok.
Gastronok is almost dead.
Gastronok bites you!!
You die...
Gastronok gurgles, "Let's see if you taste as good as that wizard did."
Your body crumbles into a pile of gold.

. . . . #
##########
.####.$......#
......$$$..^.#
#..@.....#
........w....#
#####........#
#........#
#.>......#
##########


You could see Gastronok (very poisoned).

Vanquished Creatures
  Erica (D:11)
  A deep elf pyromancer (D:11)
  2 manticores (D:11)
  A komodo dragon (D:11)
  3 trolls
  5 slime creatures
  2 wraiths
  A wyvern (D:8)
  9 yaks
  A redback (D:10)
  A steam dragon (D:9)
  2 vampire mosquitoes (D:10)
  10 orc warriors
  3 sky beasts
  3 ice beasts
  2 black bears
  2 ogres
  2 centaurs
  A phantom (D:4)
  A kobold brigand (D:8)
  4 bullfrogs
  4 scorpions
  13 wights
  A killer bee (D:8)
  A howler monkey (D:6)
  2 jellies
  A gnoll bouda (D:9)
  5 hounds
  3 orc priests
  2 sleepcaps
  14 orc wizards
  4 iguanas
  14 gnolls
  7 adders
  3 shadow imps (D:7)
  3 white imps
  2 ufetubi (D:5)
  2 worms
  A dart slug (D:1)
  52 orcs
  3 endoplasms
  6 giant cockroaches
  7 goblins
  7 hobgoblins
  3 jackals (D:1)
  12 kobolds
  2 quokkas
  8 ball pythons
  3 bats
  A frilled lizard (D:1)
  3 rats
246 creatures vanquished.

Notes
Turn   | Place    | Note
-------+----------+-------------------------------------------
     0 | D:1      | Chiseanne the Octopode Wanderer began the quest for the
                  | Orb.
     0 | D:1      | Chiseanne set off with the following items: a +2 hand axe,
                  | a +0 short sword, a +0 hat, a scroll of silence.
     0 | D:1      | Reached XP level 1. HP: 13/13 MP: 2/2
   258 | D:1      | Reached skill level 1 in Stealth
   264 | D:1      | Reached XP level 2. HP: 18/18 MP: 3/3
   453 | D:1      | Reached XP level 3. HP: 24/24 MP: 4/4
   457 | D:1      | Reached skill level 2 in Stealth
   498 | D:1      | Found a faded altar of an unknown god.
   794 | D:2      | Noticed a scorpion
   799 | D:2      | Killed a scorpion
   800 | D:2      | Reached skill level 3 in Stealth
   800 | D:2      | Reached XP level 4. HP: 27/30 MP: 5/5
   816 | D:2      | Noticed Terence
  1484 | D:3      | Reached XP level 5. HP: 31/36 MP: 6/6
  1805 | D:3      | Reached skill level 4 in Stealth
  1933 | D:3      | Found a snail-covered altar of Cheibriados.
  2476 | D:4      | Noticed an ogre
  2496 | D:4      | Noticed a phantom
  2581 | D:4      | Reached XP level 6. HP: 42/42 MP: 7/7
  2958 | D:4      | Noticed a black bear
  2970 | D:4      | Killed a black bear
  2971 | D:4      | Reached skill level 5 in Stealth
  3287 | D:4      | Noticed Edmund
  3430 | D:4      | Reached XP level 7. HP: 24/48 MP: 8/8
  3604 | D:5      | Entered Level 5 of the Dungeon
  3609 | D:5      | Reached skill level 6 in Stealth
  3906 | D:5      | Found a staircase to the Ecumenical Temple.
  4032 | D:5      | Found a broken altar of Ashenzari.
  4279 | D:5      | Reached skill level 5 in Fighting
  4566 | D:6      | Reached skill level 5 in Dodging
  4566 | D:6      | Reached skill level 7 in Stealth
  4566 | D:6      | Reached XP level 8. HP: 50/55 MP: 9/9
  4722 | Temple   | Entered the Ecumenical Temple
  4745 | Temple   | Became a worshipper of Gozag Ym Sagoz the Greedy
  4969 | D:6      | Noticed a troll
  5318 | D:5      | Reached skill level 8 in Stealth
  5411 | D:6      | Killed a troll
  5682 | D:6      | Found a hide-covered altar of Uskayaw.
  5682 | D:6      | Found a bloodstained altar of Trog.
  5683 | D:6      | Found a glowing golden altar of the Shining One.
  5804 | D:6      | Chiseanne: ooh...how "random"
  6059 | D:6      | Reached skill level 9 in Stealth
  6059 | D:6      | Reached XP level 9. HP: 63/63 MP: 10/10
  6850 | D:8      | Found a flagged portal.
  6880 | Bailey   | Entered a bailey
  7058 | Bailey   | Reached skill level 10 in Stealth
  7498 | Bailey   | Identified the +10 mace of Infinity {antimagic, Contam
                  | Will++ Str+4}
  7501 | Bailey   | Chiseanne: FUCK YOU
  7876 | D:8      | Found a runed translucent door.
  8063 | D:8      | Reached skill level 11 in Stealth
  8065 | D:8      | Reached XP level 10. HP: 72/72 MP: 11/11
  8473 | D:8      | Noticed Mls's ghost (novice TrFi)
  8646 | D:9      | Found an ancient bone altar of Kikubaaqudgha.
  8657 | D:9      | Bought the ring "Bab Birph" {Str+4 SInv} for 425 gold
                  | pieces
  8973 | D:9      | Noticed a two-headed ogre
  8983 | D:9      | a two-headed ogre changed into an ogre
  9323 | D:9      | Found Dazes's Distillery.
  9427 | D:9      | Found a blossoming altar of Fedhas.
  9706 | D:9      | Reached skill level 12 in Stealth
  9864 | D:10     | Entered Level 10 of the Dungeon
 10382 | D:10     | Found a hazy altar of Hepliaklqana.
 10417 | D:10     | Noticed Harold
 10590 | D:10     | Harold changed into Harold the redback
 10590 | D:10     | Noticed Harold
 10596 | D:10     | Killed Harold the redback
 10770 | D:10     | Reached skill level 13 in Stealth
 10820 | D:10     | Found Tirhao's Magic Scroll Emporium.
 10823 | D:10     | Bought a scroll of identify for 24 gold pieces
 10823 | D:10     | Bought a scroll of identify for 24 gold pieces
 10823 | D:10     | Bought a scroll of identify for 24 gold pieces
 10947 | D:9      | Bought a +6 ring of dexterity for 504 gold pieces
 11167 | D:10     | Reached XP level 11. HP: 47/80 MP: 12/12
 11391 | D:10     | Found a staircase to the Orcish Mines.
 11934 | D:11     | Noticed Erica
 11947 | D:11     | Killed Erica
 11948 | D:11     | Reached skill level 10 in Fighting
 12138 | D:11     | Noticed a deep elf pyromancer
 12144 | D:11     | Killed a deep elf pyromancer
 12145 | D:11     | Reached skill level 10 in Dodging
 12213 | D:11     | Noticed a manticore
 12226 | D:11     | Killed a manticore
 12555 | D:11     | Found a staircase to the Lair.
 12639 | D:11     | Reached skill level 14 in Stealth
 12797 | D:11     | Noticed a manticore
 12810 | D:11     | Killed a manticore
 13113 | D:12     | Noticed Gastronok
 13367 | D:12     | Noticed a two-headed ogre
 13470 | D:12     | Demolished by Gastronok

Illustrated notes

Levels and vault maps discovered:
D:1:      dpeg_arrival_oval, layout_rooms, hellmonk_ecumenical_altar_zigzags,
          minmay_misc_feat_tower, minmay_unequal
D:2:      minmay_evil_eye, layout_rooms, chequers_serial_rivers_micro_c,
          uniq_terence
D:3:      layout_basic, mainiacjoe_overflow_cross_hatched
D:4:      layout_basic, uniq_edmund
D:5:      layout_rooms, nicolae_ashenzari_skybound, temple_hall
D:6:      layout_cave_pools, gammafunk_temple_overflow_claw, grunt_potential
D:7:      layout_basic, minmay_bent
D:8:      layout_loops_ring, enter_bailey_8, gammafunk_ghost_grave,
          minmay_between
D:9:      layout_long_grid, fedhas_altar_4, lemuel_round_altar, serial_shops,
          nicolae_take_the_stairs
D:10:     layout_loops_corners, mainiacjoe_overflow_alcove_4, david_orc_2,
          serial_shops, nicolae_shop_rolled_up, uniq_harold
D:11:     layout_basic, lair_entry_dummy, minmay_librarian, uniq_erica
D:12:     layout_rooms, uniq_gastronok, uniq_jorgrun, uniq_azrael,
          uniq_josephine
Temple:   nicolae_temple_superstar

Skill      XL: |  1  2  3  4  5  6  7  8  9 10 11 |
---------------+----------------------------------+-----
Stealth        | 1 3 4 5 7 9 11 13 14 | 14.4
Fighting       | 2 3 4 5 6 8 9 10 | 10.5
Dodging        | 2 3 4 5 6 7 9 10 | 10.4
Short Blades   | |  2.0
Axes           | |  4.0
Spellcasting   | |  1.0
Evocations     | |  1.1

Action                     |  1- 3 |  4- 6 |  7- 9 | 10-12 || total
---------------------------+-------+-------+-------+-------++-------
  Melee: Hand axe          |    45 |   129 |     9 |    33 ||   216
         Constrict         |    12 |    23 |    50 |    33 ||   118
         Tentacles         |     6 |    22 |    66 |    73 ||   167
         Punch             |       |     3 |     5 |     6 ||    14
         Short sword       |       |       |   221 |   148 ||   369
         Scimitar          |       |       |       |    32 ||    32
  Throw: Boomerang         |       |       |     3 |    15 ||    18
         Dart              |       |       |       |    19 ||    19
 Invoke: Call Merchant     |       |       |       |     1 ||     1
  Evoke: Wand              |       |       |     1 |     7 ||     8
    Use: Scroll            |     3 |     6 |     9 |    10 ||    28
         Potion            |       |     1 |     1 |     1 ||     3
   Stab: Sleeping          |    13 |     8 |    17 |    17 ||    55
         Distracted        |       |       |     1 |     2 ||     3
         Paralysed         |       |       |     1 |       ||     1
 Armour: Skin              |    18 |    73 |    96 |    86 ||   273
  Dodge: Dodged            |    23 |    79 |   154 |   133 ||   389
  Block: Other             |       |       |    41 |    36 ||    77

Table legend: (Time is in decaauts)
 A = Elapsed time spent in this place.
 B = Non-inter-level travel time spent in this place.
 C = Inter-level travel time spent in this place.
 D = Time resting spent in this place.
 E = Time spent auto-exploring this place.
 F = Levels seen in this place.
 G = Mean time per level.
                   A        B        C        D        E       F      G
               +--------+--------+--------+--------+--------+-----+--------+
         Total |  13470 |  12670 |    800 |   3344 |   6550 |  14 |  962.1 |
       Dungeon |  12804 |  12045 |    759 |   3080 |   6509 |  12 | 1067.0 |
        Temple |     42 |      2 |     40 |      0 |      0 |   1 |   42.0 |
        Bailey |    623 |    623 |      0 |    264 |     41 |   1 |  623.0 |
               +--------+--------+--------+--------+--------+-----+--------+

Top non-repeatable levels by time:
    D:10: 1738 daAuts
    D:11: 1547 daAuts
     D:9: 1492 daAuts
     D:4: 1425 daAuts
     D:5: 1345 daAuts
     D:8: 1044 daAuts
     D:6: 1042 daAuts
     D:7: 915 daAuts
     D:3: 796 daAuts
     D:2: 726 daAuts
     D:1: 671 daAuts
  Bailey: 623 daAuts
    D:12: 57 daAuts
  Temple: 42 daAuts
